 Dungeon Crawl Stone Soup version 0.31-a0-557-g6e16503903 (webtiles) character file.

Game seed: 9159201763598744151

27 Arcadio the Shield-Bearer (level 3, 0/30 HPs)
             Began as a Formicid Fighter on Aug 16, 2023.
             Succumbed to a kobold's poison
             ... on level 2 of the Dungeon.
             The game lasted 00:01:26 (879 turns).

Arcadio the Shield-Bearer (Formicid Fighter)         Turns: 879, Time: 00:01:26

Health: 0/30       AC:  8    Str: 22    XL:     3   Next: 25%
Magic:  3/3        EV:  9    Int:  7    God:
Gold:   60         SH:  5    Dex: 13    Spells: 2/2 levels left

rFire   . . .        a - +0 war axe
rCold   . . .        c - +0 buckler
rNeg    . . .        b - +0 scale mail
rPois   .            (helmet unavailable)
rElec   .            (no cloak)
rCorr   .            (no gloves)
SInv    +            e - +0 pair of boots
Will    .....        (no amulet) Stlth
                     (no ring)
HPRegen 0.25/turn    (no ring)
MPRegen 0.08/turn

%: no passive effects
@: lethally poisoned (0 -> -24)
A: permanent stasis, dig shafts and tunnels, antennae 3, four strong arms
a: Dig, Shaft Self


You were on level 2 of the Dungeon.
You visited 1 branch of the dungeon, and saw 2 of its levels.

You collected 60 gold pieces.

Inventory:

Hand Weapons
 a - a +0 war axe (weapon)
Armour
 b - a +0 scale mail (worn)
 c - a +0 buckler (worn)
 e - a +0 pair of boots (worn)
Scrolls
 g - a scroll of identify {unknown}
Potions
 d - 3 potions of might
 f - a potion of attraction {unknown}


   Skills:
 + Level 3.8 Fighting
 + Level 2.5 Axes
 + Level 3.7 Armour
 - Level 4.0 Shields


You had 2 spell levels left.
You didn't know any spells.
Your spell library was empty.

Dungeon Overview and Level Annotations

Branches:
Dungeon (2/15) Zot: 11087

Altars:


Innate Abilities, Weirdness & Mutations

You cannot be hasted, slowed, berserked, paralysed or teleported.
You can dig through walls and to a lower floor.
You have a pair of large antennae on your head. (SInv)
Your four strong arms can wield two-handed weapons with a shield.


Message History

You hit the kobold but do no damage. The kobold barely misses you.
You closely miss the kobold. You block the kobold's attack.
The kobold hits you with a +0 short sword.
You slash the kobold!
You kill the kobold!
Things that are here:
a +0 short sword; 2 stones You now have 60 gold pieces (gained 14).
Done exploring.
Done exploring.
There is a stone staircase leading down here.
You climb downwards.
You sense a monster nearby.
There is a stone staircase leading up here.
Okay, then.
The kobold hits you but does no damage.
You are poisoned.
You barely miss the kobold.
You feel very sick. The kobold barely misses you.
You closely miss the kobold.
You feel sick. The kobold hits you but does no damage.
You hit the kobold but do no damage.
You feel sick.
The kobold hits you with a +1 dagger of venom.
You are more poisoned.
The kobold hits you with a +1 dagger of venom.
You are lethally poisoned!
You barely miss the kobold.
You feel very sick. The kobold hits you but does no damage.
You are more poisoned.
You hit the kobold.
The kobold is heavily wounded.
* * * LOW HITPOINT WARNING * * *
You feel extremely sick. You block the kobold's attack.
The kobold hits you but does no damage.
You are more poisoned.
You slash the kobold!
You kill the kobold!
You die...

{ # #.
###########
###..#..<......#
#>...)@.........
#.##.#....####..
# #.......#
#.#....(.#
#.#.###..# #.#.#
... #.#+# .# #..


There were no monsters in sight!

Vanquished Creatures
  4 endoplasms (D:1)
  2 goblins (D:1)
  A hobgoblin (D:1)
  3 kobolds
  4 quokkas (D:1)
  3 ball pythons (D:1)
  3 bats (D:1)
  2 frilled lizards (D:1)
  3 rats (D:1)
25 creatures vanquished.

Notes
Turn   | Place    | Note
-------+----------+-------------------------------------------
     0 | D:1      | Arcadio the Formicid Fighter began the quest for the Orb.
     0 | D:1      | Reached XP level 1. HP: 18/18 MP: 1/1
   102 | D:1      | Reached XP level 2. HP: 22/24 MP: 2/2
   330 | D:1      | Reached XP level 3. HP: 29/30 MP: 3/3
   879 | D:2      | Succumbed to a kobold's poison

Illustrated notes

Levels and vault maps discovered:
D:1:      denvon_arrival_hothouse, layout_basic, minmay_surrounded
D:2:      layout_basic, shapermc_ecumenical_altar_mp_vishouse

Action                     || total
---------------------------++-------
  Melee: War axe           ||    82
 Armour: Scale mail        ||    45
  Dodge: Dodged            ||    41
  Block: Buckler           ||    21

Table legend: (Time is in decaauts)
 A = Elapsed time spent in this place.
 B = Non-inter-level travel time spent in this place.
 C = Inter-level travel time spent in this place.
 D = Time resting spent in this place.
 E = Time spent auto-exploring this place.
 F = Levels seen in this place.
 G = Mean time per level.
                   A        B        C        D        E       F      G
               +--------+--------+--------+--------+--------+-----+--------+
         Total |    912 |    896 |     16 |      0 |    682 |   2 |  456.0 |
       Dungeon |    912 |    896 |     16 |      0 |    682 |   2 |  456.0 |
               +--------+--------+--------+--------+--------+-----+--------+

Top non-repeatable levels by time:
     D:1: 902 daAuts
     D:2: 9 daAuts
